 Dungeon Crawl Stone Soup version 0.31-a0-986-g5e6e4ef867 (webtiles) character file.

Game seed: 6989289118027773737

5082 mandarbmax the Deadly Accurate (level 10, -8/104 HPs)
             Began as an Ogre Gladiator on Nov 10, 2023.
             Was an Elder of Okawaru.
             Mangled by a two-headed ogre
             ... wielding a +0 giant club
              (17 damage)
             ... on level 7 of the Dungeon.
             The game lasted 00:24:48 (6840 turns).

mandarbmax the Deadly Accurate (Ogre Gladiator)     Turns: 6840, Time: 00:24:49

Health: -8/104     AC:  3    Str: 24    XL:     10   Next: 57%
Magic:  10/10      EV: 11    Int:  9    God:    Okawaru [****..]
Gold:   250        SH:  0    Dex: 10    Spells: 9/9 levels left

rFire   . . .        e - +0 whip (drain)
rCold   . . .        (no shield)
rNeg    . . .        b - +0 robe
rPois   +            c - +0 hat
rElec   .            (no cloak)
rCorr   .            (gloves unavailable)
SInv    .            (boots unavailable)
Will    +....        h - amulet of the acrobat
Stlth   +            C - ring of poison resistance
HPRegen 0.37/turn    (no ring)
MPRegen 0.12/turn

%: acrobat
@: about to teleport
A: large, unfitting armour, tough skin 1
a: Renounce Religion, Heroism, Finesse


You were on level 7 of the Dungeon.
You worshipped Okawaru.
Okawaru was greatly pleased with you.
You visited 2 branches of the dungeon, and saw 8 of its levels.

You collected 250 gold pieces.

Inventory:

Hand Weapons
 e - a +0 whip of draining (weapon)
 m - a +3 morningstar
 F - a +2 whip of holy wrath
 H - the +6 short sword of Inconvenience {freeze, rElec rN+ Dex-3}
   (You found it on level 6 of the Dungeon)

   Dex-3:     It affects your dexterity (-3).
   rElec:     It insulates you from electricity.
   rN+:       It protects you from negative energy.
Missiles
 d - 3 throwing nets
Armour
 b - a +0 robe (worn)
 c - a +0 hat (worn)
Jewellery
 h - an amulet of the acrobat (around neck)
 C - a ring of poison resistance (left hand)
Wands
 n - a wand of polymorph (11)
 q - a wand of paralysis (2) (quivered)
 z - a wand of flame (36)
Scrolls
 f - a scroll of noise {unknown}
 g - 2 scrolls of revelation
 i - a scroll of fog
 j - a scroll of poison
 p - a scroll of silence
 r - a scroll of fear {unknown}
 s - a scroll of enchant weapon {unknown}
 t - a scroll of immolation {unknown}
 v - a scroll of blinking
 I - a scroll of vulnerability {unknown}
Potions
 l - 3 potions of curing
 u - a potion of haste
 w - a potion of lignification
 A - a potion of enlightenment
 B - a potion of resistance
 E - 2 potions of heal wounds
 G - a potion of mutation {unknown}
 J - a potion of brilliance {unknown}


   Skills:
 + Level 8.0 Fighting
 - Level 3.0(3.7) Axes
 - Level 2.9(3.4) Maces & Flails
 * Level 15.0 Throwing
 + Level 5.1 Dodging


You had 9 spell levels left.
You didn't know any spells.
Your spell library contained the following spells:

 Spells                   Type           Power      Damage    Failure   Level
 Apportation              Tloc           0%         N/A       38%         1
 Ensorcelled Hibernation  Hex/Ice        0%         N/A       52%         2
 Jinxbite                 Hex            0%         N/A       52%         2
 Volatile Blastmotes      Fire/Tloc      0%         2d10      77%         3
 Anguish                  Hex/Necr       0%         N/A       99%         4
 Fulminant Prism          Conj/Hex       0%         3d5       99%         4
 Iskenderun's Mystic Bla  Conj/Tloc      0%         2d3       99%         4


Dungeon Overview and Level Annotations

Branches:
Dungeon (7/15)             Temple (1/1) D:4

Altars:
Cheibriados
Dithmenos
Elyvilon
Fedhas
Gozag
Hepliaklqana
Makhleb
Nemelex Xobeh
Okawaru
Qazlal
Ru
Sif Muna
Trog
Wu Jian
Xom
Zin
The Shining One

Shops:
D:5 (


Innate Abilities, Weirdness & Mutations

You are too large for most types of armour.
You have tough skin. (AC +1)


Message History

The two-headed ogre is lightly wounded.
The helpless two-headed ogre fails to defend itself.
You hit the two-headed ogre but do no damage.
The helpless two-headed ogre fails to defend itself.
You hit the two-headed ogre.
The two-headed ogre is lightly wounded.
The helpless two-headed ogre fails to defend itself.
You hit the two-headed ogre.
The two-headed ogre is lightly wounded.
The helpless two-headed ogre fails to defend itself.
You whack the two-headed ogre!
The two-headed ogre is moderately wounded.
The helpless two-headed ogre fails to defend itself.
You hit the two-headed ogre. You drain the two-headed ogre.
The two-headed ogre is moderately wounded.
The helpless two-headed ogre fails to defend itself.
You hit the two-headed ogre.
The two-headed ogre is moderately wounded.
The helpless two-headed ogre fails to defend itself.
You hit the two-headed ogre.
The two-headed ogre is moderately wounded.
The helpless two-headed ogre fails to defend itself.
You hit the two-headed ogre.
The two-headed ogre is moderately wounded.
The two-headed ogre is no longer paralysed.
The two-headed ogre hits you with a +0 giant club!
The two-headed ogre hits you with a +0 dire flail!
* * * LOW HITPOINT WARNING * * *
You hit the two-headed ogre.
The two-headed ogre is heavily wounded.
You closely miss the two-headed ogre.
The two-headed ogre is heavily wounded.
The two-headed ogre barely misses you.
The two-headed ogre hits you with a +0 dire flail!!
* * * LOW HITPOINT WARNING * * *
Unknown command.
As you read the scroll of teleportation, it crumbles to dust.
You feel strangely unstable.
The two-headed ogre hits you with a +0 giant club!
You die...

#..# #.# #.# #..# #.# #.#
#(# #.# #.# .#( #.######
#.# .(. #......### #)#
.#.## #)#......###)#
#...### #)#.......##.#
#.....# #...♣♣.♣♣..#)#
#..#.#####@...♣.♣...#.###
#....(.(O..♣.....♣.....#
####
##(###.##..♣♣...♣♣.#.###
##..### #.#
#.##....._......#
......###.#
#.##..♣♣...♣♣.###
..#.O.....#
#.##..♣.....♣.#
..o..##.#.#
#.##....♣.♣...#
#..###..#.#
#.##...♣♣.♣♣..#
####...##.#
#.##.#.......##


You could see a two-headed ogre (drained).

Vanquished Creatures
  A boulder beetle (D:7)
  A two-headed ogre (D:7)
  An ugly thing (D:7)
  A cyclops (D:7)
  Joseph (D:7)
  A yak (D:7)
  A water moccasin (D:7)
  Duvessa (D:7)
  An ice beast (D:7)
  2 sky beasts (D:7)
  4 ogres
  A black bear (D:6)
  A centaur (D:7)
  2 phantoms (D:5)
  A kobold brigand (D:5)
  4 bullfrogs
  3 scorpions
  A gnoll sergeant (D:6)
  Dowan (D:7)
  A howler monkey (D:5)
  An orc priest (D:7)
  4 hounds
  A jelly (D:4)
  3 iguanas
  Ijyb (D:3)
  An orc wizard (D:3)
  3 gnolls (D:6)
  6 adders
  2 ufetubi (D:6)
  5 worms
  2 dart slugs
  14 orcs
  8 bats
  3 endoplasms
  4 giant cockroaches
  9 goblins
  6 hobgoblins
  5 jackals
  14 kobolds
  4 quokkas
  8 ball pythons
  4 frilled lizards
  4 rats
142 creatures vanquished.

Notes
Turn   | Place    | Note
-------+----------+-------------------------------------------
     0 | D:1      | mandarbmax the Ogre Gladiator began the quest for the Orb.
     0 | D:1      | Reached XP level 1. HP: 22/22 MP: 1/1
    66 | D:1      | Reached XP level 2. HP: 24/31 MP: 2/2
   625 | D:2      | Identified the "Amepseoh"
   638 | D:2      | Reached XP level 3. HP: 37/37 MP: 3/3
   782 | D:2      | Reached skill level 3 in Throwing
  1171 | D:2      | Found a faded altar of an unknown god.
  1265 | D:2      | Reached XP level 4. HP: 46/48 MP: 4/4
  1827 | D:3      | Reached skill level 1 in Maces & Flails
  1999 | D:3      | Reached XP level 5. HP: 54/54 MP: 5/5
  2084 | D:3      | Reached skill level 4 in Throwing
  2418 | D:3      | Noticed Ijyb
  2445 | D:3      | Killed Ijyb
  2946 | D:4      | Noticed an ogre
  3076 | D:4      | Noticed an ogre
  3094 | D:4      | Killed an ogre
  3095 | D:4      | Reached XP level 6. HP: 58/65 MP: 6/6
  3199 | D:4      | Reached skill level 5 in Fighting
  3199 | D:4      | Reached skill level 5 in Throwing
  3280 | D:4      | You fall into a shaft and drop 1 floor!
  3280 | D:5      | Entered Level 5 of the Dungeon
  3576 | D:4      | Reached XP level 7. HP: 63/72 MP: 7/7
  3781 | D:4      | Found a shimmering altar of Xom.
  3781 | D:4      | Found a burning altar of Makhleb.
  3782 | D:4      | Found a bloodstained altar of Trog.
  3815 | D:4      | Found a staircase to the Ecumenical Temple.
  3824 | Temple   | Entered the Ecumenical Temple
  3839 | Temple   | Became a worshipper of Warmaster Okawaru
  3969 | D:5      | Reached skill level 13 in Throwing
  3969 | D:5      | Reached XP level 8. HP: 33/81 MP: 8/8
  4336 | D:5      | Found Enyiziat's Weapon Emporium.
  4905 | D:5      | Reached * piety under Okawaru
  5216 | D:6      | Identified the +6 short sword of Inconvenience {freeze,
                  | rElec rN+ Dex-3}
  5300 | D:6      | Reached skill level 14 in Throwing
  5300 | D:6      | Reached XP level 9. HP: 80/89 MP: 9/9
  5515 | D:6      | Reached ** piety under Okawaru
  5723 | D:7      | Identified the "Lascheik"
  5799 | D:7      | Noticed a boulder beetle
  5943 | D:7      | Noticed Joseph
  5958 | D:7      | Killed Joseph
  6249 | D:7      | Found a blossoming altar of Fedhas.
  6269 | D:7      | Killed a boulder beetle
  6269 | D:7      | Reached *** piety under Okawaru
  6325 | D:7      | Noticed Duvessa
  6359 | D:7      | Killed Duvessa
  6360 | D:7      | Reached XP level 10. HP: 92/102 MP: 10/10
  6387 | D:7      | Noticed Dowan
  6394 | D:7      | Killed Dowan
  6467 | D:7      | Noticed a cyclops
  6475 | D:7      | Killed a cyclops
  6619 | D:7      | Noticed a red ugly thing
  6642 | D:7      | Killed a green ugly thing
  6642 | D:7      | Reached **** piety under Okawaru
  6724 | D:7      | Noticed a two-headed ogre
  6755 | D:7      | Killed a two-headed ogre
  6756 | D:7      | Reached skill level 15 in Throwing
  6756 | D:7      | Reached skill level 5 in Dodging
  6825 | D:7      | Noticed a two-headed ogre
  6840 | D:7      | Mangled by a two-headed ogre

Illustrated notes

Levels and vault maps discovered:
D:1:      minmay_arrival_up_and_down, layout_basic
D:2:      layout_loops_corners, shapermc_ecumenical_altar_rom_forum,
          guppyfry_early_orc_mine
D:3:      layout_basic, minmay_vboxes, uniq_ijyb
D:4:      layout_basic, gammafunk_temple_overflow_claw,
          minmay_temple_entry_poolview, minmay_misc_feat_more_columns,
          serial_bayou_pond_a
D:5:      layout_loops_cross, nicolae_stop_n_shop_2
D:6:      layout_rooms, hangedman_abyss_or_decor_stagger, st_stairs_11
D:7:      minmay_the_grid_octo_tiled_octocenter [minmay_the_grid_octo_focus,
          minmay_the_grid_octo_teeth, minmay_the_grid_octo_odd_swirl,
          minmay_the_grid_octo_tetromino_candy,
          minmay_the_grid_octo_prize_ultimate_mussel_roller,
          minmay_the_grid_square_5x5_inner_v, minmay_the_grid_square_5x5_meh,
          minmay_the_grid_square_5x5_dogpile, minmay_the_grid_square_5x5_two],
          layout_basic, mainiacjoe_overflow_small_starburst, tgw_kikubaaqudgha,
          minmay_puff, uniq_joseph, uniq_maggie, uniq_duvessa
Temple:   hellmonk_temple_forest_ring

Skill      XL: |  1  2  3  4  5  6  7  8  9 10 |
---------------+-------------------------------+-----
Fighting       | 3 4 5 6 7 8 |  8.0
Dodging        | 3 4 5 |  5.1
Throwing       | 3 4 5 13 14 15 | 15.0
Maces & Flails | 1 2 |  2.9
Axes           | |  3.0

Action                     |  1- 3 |  4- 6 |  7- 9 | 10-12 || total
---------------------------+-------+-------+-------+-------++-------
  Melee: War axe           |    65 |       |       |       ||    65
         Whip              |    19 |   105 |   103 |    31 ||   258
         Punch             |       |       |     3 |     1 ||     4
         Short sword       |       |       |       |    12 ||    12
  Throw: Large rock        |     3 |     2 |     3 |     6 ||    14
         Dart              |     2 |    80 |    40 |     3 ||   125
         Boomerang         |       |     7 |    53 |       ||    60
 Invoke: Heroism           |       |       |       |     1 ||     1
  Evoke: Wand              |       |     3 |     9 |    15 ||    27
    Use: Scroll            |       |     6 |     5 |     1 ||    12
         Potion            |       |     1 |     4 |     1 ||     6
   Stab: Sleeping          |     1 |     1 |       |       ||     2
         Paralysed         |       |       |       |    22 ||    22
 Armour: Robe              |    51 |    45 |    78 |    20 ||   194
         Skin              |       |     1 |    30 |       ||    31
  Dodge: Dodged            |    61 |    56 |    66 |    13 ||   196

Table legend: (Time is in decaauts)
 A = Elapsed time spent in this place.
 B = Non-inter-level travel time spent in this place.
 C = Inter-level travel time spent in this place.
 D = Time resting spent in this place.
 E = Time spent auto-exploring this place.
 F = Levels seen in this place.
 G = Mean time per level.
                   A        B        C        D        E       F      G
               +--------+--------+--------+--------+--------+-----+--------+
         Total |   6829 |   6426 |    403 |    620 |   4661 |   8 |  853.6 |
       Dungeon |   6798 |   6424 |    374 |    620 |   4661 |   7 |  971.1 |
        Temple |     30 |      1 |     29 |      0 |      0 |   1 |   30.0 |
               +--------+--------+--------+--------+--------+-----+--------+

Top non-repeatable levels by time:
     D:4: 1257 daAuts
     D:3: 1144 daAuts
     D:7: 1015 daAuts
     D:2: 947 daAuts
     D:6: 899 daAuts
     D:5: 892 daAuts
     D:1: 641 daAuts
  Temple: 30 daAuts
